 Dungeon Crawl Stone Soup version 0.23.1-41-g7e51ed3 (webtiles) character file.

Game seed: 10403653948080969123

1589 Mrkaede the Chopper (level 8, -10/71 HPs)
             Began as a Minotaur Berserker on Mar 29, 2019.
             Was an Elder of Trog.
             Killed by divine providence
             ... invoked by an orc priest
              (13 damage)
             ... on level 7 of the Dungeon.
             The game lasted 00:12:02 (4919 turns).

Mrkaede the Chopper (Minotaur Berserker)            Turns: 4919, Time: 00:12:03

Health: -10/71     AC: 15    Str: 24    XL:     8   Next: 61%
Magic:  7/7        EV:  5    Int:  4    God:    Trog [****..]
Gold:   290        SH:  0    Dex: 10    Spells: 7/7 levels left

rFire    . . .     SeeInvis .   g - +0 war axe
rCold    . . .     Gourm    .   j - +2 large shield
rNeg     . . .     Faith    .   A - +0 plate armour
rPois    +         Spirit   .   (helmet restricted)
rElec    .         Reflect  .   o - +0 cloak
rCorr    .         Harm     .   t - +0 pair of gloves
MR       .....     Rnd*Tele +   (no boots)
Stlth    ..........             (no amulet)
HPRegen  0.21/turn              B - ring of poison resistance
MPRegen  0.10/turn              F - ring of teleportation (curse)

@: confused
A: retaliatory headbutt, horns 2
a: Berserk, Trog's Hand, Brothers in Arms, Renounce Religion


You were on level 7 of the Dungeon.
You worshipped Trog.
Trog was greatly pleased with you.
You were not hungry.

You visited 1 branch of the dungeon, and saw 7 of its levels.

You collected 290 gold pieces.

Inventory:

Hand Weapons
 a - a +0 hand axe
 g - a +0 war axe (weapon)
 q - a cursed +1 hand axe
Missiles
 l - 13 tomahawks (quivered)
Armour
 b - a +0 animal skin
 f - a +0 scale mail
 h - a +1 leather armour
 j - a +2 large shield (worn)
 o - a +0 cloak (worn)
 t - a +0 pair of gloves (worn)
 A - a +0 plate armour (worn)
Jewellery
 B - a ring of poison resistance (left hand)
 F - a cursed ring of teleportation (right hand)
Wands
 v - a wand of acid (10)
Scrolls
 i - 2 scrolls of immolation
 m - 2 scrolls of blinking
 u - a scroll of fear
Potions
 d - 3 potions of magic
 e - a potion of lignification
 k - 2 potions of curing
 n - a potion of mutation {unknown}
 p - 3 potions of agility
 s - a potion of degeneration {unknown}
 w - 2 potions of berserk rage
 x - a potion of heal wounds
 z - a potion of haste
 C - a potion of brilliance {unknown}
 D - a potion of flight {unknown}
Comestibles
 c - 11 rations
 E - 6 chunks of flesh


   Skills:
 * Level 6.9 Fighting
 * Level 7.3 Axes
 + Level 2.6 Throwing
 * Level 5.8 Armour
 * Level 5.4 Dodging
 * Level 4.5 Shields


You had 7 spell levels left.
You didn't know any spells.
Your spell library was empty.

Dungeon Overview and Level Annotations

Branches:
Dungeon (7/15)             Temple (0/1) D:6

Altars:
Cheibriados
Dithmenos
Elyvilon
Gozag
Kikubaaqudgha
Nemelex Xobeh
Uskayaw
Wu Jian
Xom
Zin


Innate Abilities, Weirdness & Mutations

You reflexively headbutt those who attack you in melee.
You have a pair of horns on your head.


Message History

The orc priest hits you but does no damage.
The orc priest calls down the wrath of Beogh upon you.
Pain shoots through your body! The orc hits you with a +0 war axe.
Something hits you but does no damage.
You closely miss the orc priest.
The orc priest is heavily wounded.
You hit the orc.
Your plate armour prevents you from hitting the orc priest.
You barely miss the orc warrior. You completely miss something.
The orc warrior hits you with a +0 glaive!!
* * * LOW HITPOINT WARNING * * *
The orc priest mumbles some strange prayers to Beogh against you.
Beogh smites you!
* * * LOW HITPOINT WARNING * * *
The orc priest hits you but does no damage.
The orc hits you but does no damage. Something hits you.
* * * LOW HITPOINT WARNING * * *
The orc priest mumbles some strange prayers to Beogh against you.
Beogh smites you!
You die...

#.........#
#.........
#........
#......#
####......#
#.........#
#.........#
#.......{.+
#.....$.o@#
#.......ooo.=....
#................
########.........
#.........
#.........
#...##.... #...#
....


You could see an orc warrior, 2 orc priests and an orc.

Vanquished Creatures
  An orc warrior (D:6)
  A phantom (D:6)
  2 centaurs (D:6)
  An ogre (D:5)
  2 bullfrogs (D:6)
  A water moccasin zombie (D:7)
  6 wights
  A howler monkey (D:4)
  3 hounds
  7 orc wizards
  4 orc priests
  2 worker ants
  Robin (D:2)
  A worker ant zombie (D:6)
  4 gnolls
  9 adders
  2 worms
  2 dart slugs
  2 leopard geckos
  17 orcs
  6 bats
  3 giant cockroaches
  16 goblins
  12 hobgoblins
  6 jackals (D:3)
  7 kobolds
  2 quokkas (D:6)
  A ball python (D:5)
  5 frilled lizards
  6 rats
133 creatures vanquished.

Notes
Turn   | Place    | Note
-------+----------+-------------------------------------------
     0 | D:1      | Mrkaede the Minotaur Berserker began the quest for the Orb.
     0 | D:1      | Reached XP level 1. HP: 19/19 MP: 0/0
   125 | D:1      | Reached XP level 2. HP: 27/27 MP: 1/1
   152 | D:1      | Reached skill level 4 in Axes
   582 | D:2      | Reached ** piety under Trog
   585 | D:2      | Reached XP level 3. HP: 30/33 MP: 2/2
   670 | D:2      | Noticed Robin
   749 | D:2      | Killed Robin
  1110 | D:2      | Reached XP level 4. HP: 41/41 MP: 3/3
  1209 | D:2      | Found a white marble altar of Elyvilon.
  1220 | D:2      | Reached skill level 5 in Axes
  1542 | D:3      | Found a shimmering altar of Xom.
  1873 | D:3      | Reached *** piety under Trog
  1876 | D:3      | Reached XP level 5. HP: 37/47 MP: 4/4
  1882 | D:3      | Found a hide-covered altar of Uskayaw.
  2507 | D:3      | Reached skill level 5 in Fighting
  2843 | D:4      | Reached skill level 1 in Shields
  2850 | D:4      | Reached XP level 6. HP: 56/56 MP: 5/5
  2897 | D:4      | Found a glowing silver altar of Zin.
  2897 | D:4      | Found an opulent altar of Gozag.
  2986 | D:4      | Reached skill level 1 in Throwing
  3300 | D:5      | Entered Level 5 of the Dungeon
  3417 | D:5      | Reached skill level 6 in Axes
  3619 | D:5      | Reached XP level 7. HP: 54/61 MP: 6/6
  3639 | D:5      | Found a sparkling altar of Nemelex Xobeh.
  3640 | D:5      | Found an ancient bone altar of Kikubaaqudgha.
  3647 | D:5      | Found a snail-covered altar of Cheibriados.
  3649 | D:5      | Found a shadowy altar of Dithmenos.
  3650 | D:5      | Found an ornate altar of the Wu Jian Council.
  3818 | D:6      | Found a staircase to the Ecumenical Temple.
  3987 | D:6      | Reached **** piety under Trog
  4016 | D:6      | Reached skill level 5 in Armour
  4146 | D:6      | Reached XP level 8. HP: 50/70 MP: 7/7
  4351 | D:6      | Reached skill level 5 in Dodging
  4499 | D:6      | Reached skill level 7 in Axes
  4919 | D:7      | HP: 3/71 [something (1)]
  4919 | D:7      | Killed from afar by an orc priest

Skill      XL: |  1  2  3  4  5  6  7  8 |
---------------+-------------------------+-----
Axes           | 4 5 6 7 |  7.3
Fighting       | 4 5 6 |  6.9
Armour         | 3 4 5 |  5.8
Dodging        | 3 4 5 |  5.4
Shields        | 1 2 3 4 |  4.5
Throwing       | 1 2 |  2.6

Action                   |  1- 3 |  4- 6 |  7- 9 || total
-------------------------+-------+-------+-------++-------
Melee: Hand axe          |    71 |    31 |       ||   102
       Headbutt          |    13 |    15 |    28 ||    56
       War axe           |       |   109 |   116 ||   225
Invok: Berserk           |       |     1 |       ||     1
  Use: Potion            |     1 |       |       ||     1
       Scroll            |       |    15 |     4 ||    19
  Eat: Chunk             |       |     8 |     3 ||    11
       Ration            |       |     1 |       ||     1
Armor: Animal skin       |     4 |       |       ||     4
       Leather armour    |    14 |     6 |       ||    20
       Scale mail        |       |    46 |    22 ||    68
       Plate armour      |       |       |    34 ||    34
Dodge: Dodged            |    48 |    67 |    13 ||   128
Block: Large shield      |       |    58 |   116 ||   174
